TOP OF THE 1ST |
Wizarding Express batting - Pitching for Atlanta Smoke : RHP Calvin Beck
|
Pitching: RHP Calvin Beck
|
|
Batting: LHB José Corona
|
0-0: Ball 1-0: Ball 2-0: Ball 3-0: Base on Balls
|
Batting: SHB Salvador Trevino
|
0-0: Fly out, F6 (Line Drive, 6)
|
Batting: LHB Nathan Tanner
|
0-0: Ball 1-0: Fly out, F7 (Flyball, 78S)
|
Batting: RHB António Martínez
|
0-0: Ball 1-0: Ground out U3 (Groundball, 3)
|
Top of the 1st over - 0 runs, 0 hits, 0 errors, 1 left on base; Wizarding 0 - Atlanta 0 |
BOTTOM OF THE 1ST |
Atlanta Smoke batting - Pitching for Wizarding Express : LHP Javier Roldán
|
Pitching: LHP Javier Roldán
|
|
Batting: RHB Bartolo Morales
|
0-0: Swinging Strike 0-1: Foul Ball, location: 2F 0-2: DOUBLE (Line Drive, 7LD)
|
Batting: RHB Casey Cavell
|
0-0: Swinging Strike 0-1: Ball 1-1: Ball 2-1: Swinging Strike 2-2: Strikes out looking
|
Batting: LHB Albert Morán
|
0-0: Called Strike 0-1: Foul Ball, location: 2F 0-2: Ball 1-2: Strikes out swinging
|
Batting: LHB Yataro Kodo
|
0-0: SINGLE (Groundball, 4MD) Bartolo Morales to third Runner from 3rd tries for Home, SAFE, no throw
|
Batting: SHB Valentín Guzmán
|
0-0: 2-RUN HOME RUN (Flyball, 7LD), Distance : 361 ft
|
Batting: RHB Gabriel Maldonado
|
0-0: Ball 1-0: Foul Ball, location: 2F 1-1: Swinging Strike 1-2: Ball 2-2: SINGLE (Flyball, 7LS) - OUT at second base trying to stretch hit.
|
Bottom of the 1st over - 3 runs, 4 hits, 0 errors, 0 left on base; Wizarding 0 - Atlanta 3 |
TOP OF THE 2ND |
Wizarding Express batting - Pitching for Atlanta Smoke : RHP Calvin Beck
|
Batting: LHB David Breitling
|
0-0: Called Strike 0-1: Swinging Strike 0-2: Strikes out looking
|
Batting: SHB Fernando Sánchez
|
0-0: DOUBLE (Groundball, 3L)
|
Batting: RHB Rafael Arredondo
|
0-0: Called Strike 0-1: Ball 1-1: Foul Ball, location: 2F 1-2: Foul Ball, location: 2F 1-2: Foul Ball, location: 2F 1-2: Ground out 5-3 (Groundball, 25) Fernando Sánchez to third
|
Batting: RHB Frank Grimes
|
0-0: Called Strike 0-1: Called Strike 0-2: Strikes out swinging
|
Top of the 2nd over - 0 runs, 1 hit, 0 errors, 1 left on base; Wizarding 0 - Atlanta 3 |
BOTTOM OF THE 2ND |
Atlanta Smoke batting - Pitching for Wizarding Express : LHP Javier Roldán
|
Batting: RHB Bobby Butterfield
|
0-0: Fly out, F8 (Flyball, 8LS)
|
Batting: SHB Melito Báez
|
0-0: Fly out, F7 (Flyball, 7)
|
Batting: LHB Mike Pace
|
0-0: Called Strike 0-1: Ball 1-1: Swinging Strike 1-2: Ball 2-2: Ground out 4-3 (Groundball, 4)
|
Bottom of the 2nd over - 0 runs, 0 hits, 0 errors, 0 left on base; Wizarding 0 - Atlanta 3 |
TOP OF THE 3RD |
Wizarding Express batting - Pitching for Atlanta Smoke : RHP Calvin Beck
|
Batting: SHB Jake Richardson
|
0-0: Ball 1-0: Foul Ball, location: 2F 1-1: Foul Ball, location: 2F 1-2: Ball 2-2: Ball 3-2: Fly out, F6 (Line Drive, 56D)
|
Batting: LHB José Corona
|
0-0: Called Strike 0-1: Ground out U3 (Groundball, 3L)
|
Batting: SHB Salvador Trevino
|
0-0: Swinging Strike 0-1: Ground out 6-3 (Groundball, 6)
|
Top of the 3rd over - 0 runs, 0 hits, 0 errors, 0 left on base; Wizarding 0 - Atlanta 3 |
BOTTOM OF THE 3RD |
Atlanta Smoke batting - Pitching for Wizarding Express : LHP Javier Roldán
|
Batting: RHB Bartolo Morales
|
0-0: Swinging Strike 0-1: Foul Ball, location: 2F 0-2: Ground out 5-3 (Groundball, 56)
|
Batting: RHB Casey Cavell
|
0-0: Fly out, F6 (Line Drive, 6)
|
Batting: LHB Albert Morán
|
0-0: Called Strike 0-1: Foul Ball, location: 2F 0-2: SINGLE (Line Drive, 9S)
|
Batting: LHB Yataro Kodo
|
0-0: Called Strike 0-1: Foul Ball, location: 2F 0-2: Ball 1-2: Fly out, F7 (Flyball, 7)
|
Bottom of the 3rd over - 0 runs, 1 hit, 0 errors, 1 left on base; Wizarding 0 - Atlanta 3 |
TOP OF THE 4TH |
Wizarding Express batting - Pitching for Atlanta Smoke : RHP Calvin Beck
|
Batting: LHB Nathan Tanner
|
0-0: Called Strike 0-1: Ball 1-1: Called Strike 1-2: Foul Ball, location: 2F 1-2: Ball 2-2: Foul Ball, location: 2F 2-2: Ball 3-2: Ground out 6-3 (Groundball, 6M)
|
Batting: RHB António Martínez
|
0-0: Ball 1-0: Ground out U3 (Groundball, 34S)
|
Batting: LHB David Breitling
|
0-0: Swinging Strike 0-1: Called Strike 0-2: Ball 1-2: Ball 2-2: Ground out 6-3 (Groundball, 6)
|
Top of the 4th over - 0 runs, 0 hits, 0 errors, 0 left on base; Wizarding 0 - Atlanta 3 |
BOTTOM OF THE 4TH |
Atlanta Smoke batting - Pitching for Wizarding Express : LHP Javier Roldán
|
Batting: SHB Valentín Guzmán
|
0-0: Called Strike 0-1: Ball 1-1: Ball 2-1: Called Strike 2-2: Strikes out looking
|
Batting: RHB Gabriel Maldonado
|
0-0: Ball 1-0: Ball 2-0: Called Strike 2-1: Ball 3-1: Foul Ball, location: 2F 3-2: Fly out, F4 (Popup, 4MD)
|
Batting: RHB Bobby Butterfield
|
0-0: Called Strike 0-1: Ball 1-1: Called Strike 1-2: SINGLE (Line Drive, 7LS)
|
Batting: SHB Melito Báez
|
0-0: Ball 1-0: Ball 2-0: Called Strike 2-1: Swinging Strike 2-2: Strikes out swinging
|
Bottom of the 4th over - 0 runs, 1 hit, 0 errors, 1 left on base; Wizarding 0 - Atlanta 3 |
TOP OF THE 5TH |
Wizarding Express batting - Pitching for Atlanta Smoke : RHP Calvin Beck
|
Batting: SHB Fernando Sánchez
|
0-0: Foul Ball, location: 2F 0-1: Ball 1-1: Ball 2-1: Swinging Strike 2-2: Strikes out swinging
|
Batting: RHB Rafael Arredondo
|
0-0: Fly out, F6 (Popup, 6M)
|
Batting: RHB Frank Grimes
|
0-0: Called Strike 0-1: Ball 1-1: Swinging Strike 1-2: Ball 2-2: Ground out 4-3 (Groundball, 4S)
|
Top of the 5th over - 0 runs, 0 hits, 0 errors, 0 left on base; Wizarding 0 - Atlanta 3 |
BOTTOM OF THE 5TH |
Atlanta Smoke batting - Pitching for Wizarding Express : LHP Javier Roldán
|
Batting: LHB Mike Pace
|
0-0: Ball 1-0: Foul Ball, location: 2F 1-1: Ball 2-1: Ball 3-1: Base on Balls
|
Batting: RHB Bartolo Morales
|
0-0: Sac Bunt - play at first, batter OUT! 3-4 Mike Pace to second
|
Batting: RHB Casey Cavell
|
0-0: Called Strike 0-1: Fly out, F8 (Flyball, 8RD)
|
Batting: LHB Albert Morán
|
0-0: Ball 1-0: Ball 2-0: Foul Ball, location: 2F 2-1: Ball 3-1: Foul Ball, location: 2F 3-2: Foul Ball, location: 2F 3-2: Fly out, F9 (Line Drive, 9D)
|
Bottom of the 5th over - 0 runs, 0 hits, 0 errors, 1 left on base; Wizarding 0 - Atlanta 3 |
TOP OF THE 6TH |
Wizarding Express batting - Pitching for Atlanta Smoke : RHP Calvin Beck
|
Batting: SHB Jake Richardson
|
0-0: Called Strike 0-1: Called Strike 0-2: Ball 1-2: Strikes out swinging
|
Batting: LHB José Corona
|
0-0: Called Strike 0-1: Fly out, F4 (Popup, 4M)
|
Batting: SHB Salvador Trevino
|
0-0: Ball 1-0: Called Strike 1-1: Fly out, F8 (Flyball, 8RXD)
|
Top of the 6th over - 0 runs, 0 hits, 0 errors, 0 left on base; Wizarding 0 - Atlanta 3 |
BOTTOM OF THE 6TH |
Atlanta Smoke batting - Pitching for Wizarding Express : LHP Javier Roldán
|
Batting: LHB Yataro Kodo
|
0-0: Called Strike 0-1: Fly out, F7 (Flyball, 7D)
|
Batting: SHB Valentín Guzmán
|
0-0: Called Strike 0-1: Ball 1-1: Swinging Strike 1-2: Ball 2-2: Strikes out looking
|
Batting: RHB Gabriel Maldonado
|
0-0: Foul Ball, location: 2F 0-1: Ball 1-1: Foul Ball, location: 2F 1-2: Foul Ball, location: 2F 1-2: Foul Ball, location: 2F 1-2: Strikes out swinging
|
Bottom of the 6th over - 0 runs, 0 hits, 0 errors, 0 left on base; Wizarding 0 - Atlanta 3 |
TOP OF THE 7TH |
Wizarding Express batting - Pitching for Atlanta Smoke : RHP Calvin Beck
|
Batting: LHB Nathan Tanner
|
0-0: SOLO HOME RUN (Line Drive, 9LD), Distance : 366 ft
|
Batting: RHB António Martínez
|
0-0: Ball 1-0: Foul Ball, location: 2F 1-1: Fly out, F8 (Flyball, 89D)
|
Batting: LHB David Breitling
|
0-0: Ball 1-0: Swinging Strike 1-1: Ball 2-1: Swinging Strike 2-2: Foul Ball, location: 2F 2-2: Fly out, F8 (Flyball, 8LS)
|
Batting: SHB Fernando Sánchez
|
0-0: Fly out, F7 (Flyball, 7LD)
|
Top of the 7th over - 1 run, 1 hit, 0 errors, 0 left on base; Wizarding 1 - Atlanta 3 |
BOTTOM OF THE 7TH |
Atlanta Smoke batting - Pitching for Wizarding Express : LHP Javier Roldán
|
Batting: RHB Bobby Butterfield
|
0-0: Ball 1-0: Fly out, F5 (Line Drive, 5S)
|
Batting: SHB Melito Báez
|
0-0: Called Strike 0-1: Ball 1-1: Ball 2-1: Foul Ball, location: 2F 2-2: Strikes out swinging
|
Batting: LHB Mike Pace
|
0-0: Swinging Strike 0-1: Swinging Strike 0-2: Foul Ball, location: 2F 0-2: Foul Ball, location: 2F 0-2: Foul Ball, location: 2F 0-2: Strikes out looking
|
Bottom of the 7th over - 0 runs, 0 hits, 0 errors, 0 left on base; Wizarding 1 - Atlanta 3 |
TOP OF THE 8TH |
Wizarding Express batting - Pitching for Atlanta Smoke : RHP Calvin Beck
|
Batting: RHB Rafael Arredondo
|
0-0: Ball 1-0: Called Strike 1-1: Ball 2-1: Foul Ball, location: 2F 2-2: Ball 3-2: SINGLE (Groundball, 23) (infield hit)
|
Batting: RHB Frank Grimes
|
0-0: Swinging Strike 0-1: SINGLE (Groundball, 34D) Rafael Arredondo to second Runner from 2nd tries for 3rd, OUT!
|
Batting: SHB Jake Richardson
|
0-0: Called Strike 0-1: Grounds into double play, 6-4-3 (Groundball, 6)
|
Top of the 8th over - 0 runs, 2 hits, 0 errors, 0 left on base; Wizarding 1 - Atlanta 3 |
BOTTOM OF THE 8TH |
Atlanta Smoke batting - Pitching for Wizarding Express : LHP Javier Roldán
|
Pitching: RHP Enrico Reséndez
|
|
Batting: RHB Bartolo Morales
|
0-0: SINGLE (Line Drive, 56D)
|
Batting: RHB Casey Cavell
|
0-0: Called Strike 0-1: Ball 1-1: Ball 2-1: Bunt - Flyout! F5
|
Pitching: RHP Juan Cantú
|
|
Batting: LHB Albert Morán
|
0-0: Ball Bartolo Morales is caught stealing 2nd base 1-0: Ball 2-0: Swinging Strike 2-1: Ball 3-1: DOUBLE (Flyball, 89D)
|
Batting: LHB Yataro Kodo
|
0-0: Swinging Strike 0-1: Foul Ball, location: 2F 0-2: Ball 1-2: Ball 2-2: Strikes out swinging
|
Bottom of the 8th over - 0 runs, 2 hits, 0 errors, 1 left on base; Wizarding 1 - Atlanta 3 |
TOP OF THE 9TH |
Wizarding Express batting - Pitching for Atlanta Smoke : RHP Calvin Beck
|
Batting: LHB José Corona
|
0-0: Called Strike 0-1: Called Strike 0-2: Ball 1-2: Foul Ball, location: 2F 1-2: Strikes out swinging
|
Batting: SHB Salvador Trevino
|
0-0: Called Strike 0-1: Ball 1-1: Ball 2-1: Ground out 1-3 (Groundball, P)
|
Batting: LHB Nathan Tanner
|
0-0: Ball 1-0: Called Strike 1-1: Ball 2-1: Foul Ball, location: 2F 2-2: Foul Ball, location: 2F 2-2: Foul Ball, location: 2F 2-2: Fly out, F9 (Flyball, 9D)
|
Top of the 9th over - 0 runs, 0 hits, 0 errors, 0 left on base; Wizarding 1 - Atlanta 3 |
|